 Dungeon Crawl Stone Soup version 0.18.1-8-gdd0e5ea (webtiles) character file.

87364 manyhoops the Shatterer (level 15, -4/178 HPs)
             Began as an Ogre Berserker on June 5, 2016.
             Was the Champion of Trog.
             Slain by a black mamba (11 damage)
             ... on level 8 of the Lair of Beasts.
             The game lasted 01:28:00 (32061 turns).

manyhoops the Shatterer (Ogre Berserker)           Turns: 32061, Time: 01:28:01

Health: -4/178     AC: 13    Str: 31    XL:     15   Next: 90%
Magic:  0/15       EV: 10    Int:  4    God:    Trog [******]
Gold:   1441       SH:  0    Dex:  9    Spells: 0 memorised, 14 levels left

rFire  . . .     SeeInvis .     a - +9 giant spiked club (vamp)
rCold  + . .     Gourm    .     I - +2 robe {rC+}
rNeg   + . .     Faith    .     (shield currently unavailable)
rPois  .         Spirit   +     (helmet restricted)
rElec  .         Dismiss  .     n - +2 cloak
rCorr  .         Reflect  .     (gloves unavailable)
SustAt .         Harm     .     (boots unavailable)
MR     ++++.                    x - amulet of guardian spirit
Stlth  +.........               L - ring of protection from magic
                                c - ring of positive energy

@: very slightly contaminated, regenerating, incredibly resistant to hostile
enchantments, very unstealthy
A: unfitting armour, fangs 1, iridescent scales 1, slimy green scales 1, blink,
deformed body, dopey 1, tough skin 1
a: Blink, Berserk, Trog's Hand, Brothers in Arms, Burn Spellbooks, Renounce
Religion


You were on level 8 of the Lair of Beasts.
You worshipped Trog.
Trog was exalted by your worship.
You were not hungry.

You visited 3 branches of the dungeon, and saw 25 of its levels.
You also visited: Labyrinth and Bailey.

You collected 2978 gold pieces.
You spent 1537 gold pieces at shops.

Inventory:

Hand Weapons
 a - a +9 vampiric giant spiked club (weapon)
 E - a +8 antimagic giant club
 R - the +11 blowgun "Kaohoqoi" {speed, *Confuse Int+2 Dex+8}
   (You bought it in a shop on level 2 of the Orcish Mines)

   Attacks with this weapon are significantly faster.
   It affects your intelligence (+2).
   It affects your dexterity (+8).
   It may confuse you when you take damage.
Missiles
 r - 119 poisoned needles
 N - 5 silver javelins
 O - 12 throwing nets
 P - 10 large rocks (quivered)
Armour
 n - a +2 cloak (worn)
 G - a +2 robe of fire resistance
 I - a +2 robe of cold resistance (worn)
Jewellery
 c - a ring of positive energy (left hand)
 x - an amulet of guardian spirit (around neck)
 L - a ring of protection from magic (right hand)
 Q - an uncursed ring of see invisible
 W - the ring of Ron Escho {-Tele rPois rF++ MR+ Str+4}
   (You bought it in a shop on level 2 of the Orcish Mines)

   [ring of protection from magic]

   It affects your strength (+4).
   It greatly protects you from fire.
   It protects you from poison.
   It affects your resistance to hostile enchantments.
   It prevents most forms of teleportation.
Wands
 s - a wand of confusion (16/48)
 y - a wand of lightning (5/15)
 C - a wand of disintegration (0/24)
 K - a wand of acid (2/15)
 X - a wand of iceblast (8/15)
 Y - a wand of heal wounds (6/9)
Scrolls
 d - 2 scrolls of enchant armour
 e - 9 scrolls of teleportation
 l - 4 scrolls of remove curse
 u - 5 scrolls of recharging
 v - 2 scrolls of noise
 z - 2 scrolls of immolation
 A - a scroll of blinking
 D - 4 scrolls of fog
 H - 4 scrolls of magic mapping
 T - a scroll of enchant weapon
 U - 3 scrolls of identify
Potions
 g - 2 potions of invisibility
 h - 2 potions of magic
 i - 10 potions of heal wounds
 j - 5 potions of flight
 k - 10 potions of curing
 m - 7 potions of agility
 o - 5 potions of ambrosia
 p - a potion of berserk rage
 t - 4 potions of brilliance
 F - 2 potions of might
 S - 2 potions of lignification
 V - a potion of haste
Books
 w - a book of Geomancy

   Spells                             Type                      Level
   a - Sandblast                      Earth                        1
   b - Passwall                       Transmutation/Earth          2
   c - Stone Arrow                    Conjuration/Earth            3
   d - Petrify                        Transmutation/Earth          4
   e - Lee's Rapid Deconstruction     Earth                        5
   Trog disapproves of the use of such an item.
 Z - a Necronomicon

   Spells                             Type                      Level
   a - Haunt                          Necromancy/Summoning         7
   b - Borgnjor's Revivification      Necromancy                   8
   c - Death's Door                   Charms/Necromancy            8
   d - Necromutation                  Transmutation/Necromancy     8
   Trog disapproves of the use of such an item.
Miscellaneous
 J - a legendary deck of defence {the Banshee}
Comestibles
 f - 6 meat rations
 q - 3 slices of pizza
 B - 4 beef jerkies
 M - 7 bread rations


   Skills:
 + Level 18.7 Fighting
 * Level 25.0 Maces & Flails
 * Level 8.1 Throwing
 - Level 2.6 Dodging
 + Level 0.2 Evocations


You had 14 spell levels left.
You didn't know any spells.

Dungeon Overview and Level Annotations

Branches:
Dungeon (15/15)            Temple (0/1) D:5            Lair (8/8) D:11
  Swamp (0/4) Lair:3       Spider (0/4) Lair:4        Slime (0/6) Lair:6
    Orc (2/2) D:12            Elf (0/3) Orc:2        Vaults (0/5) D:14
 Depths (0/5) D:15

Altars:
Ashenzari
Cheibriados
Gozag
Kikubaaqudgha
Nemelex Xobeh
Qazlal
Ru
Sif Muna
Zin
The Shining One
Beogh

Shops:
D:6 (   D:7 %   D:8 %   D:12 *   Orc:2 =(:*


Innate Abilities, Weirdness & Mutations

You are too large for most types of armour.
You have tough skin (AC +1).
You have very sharp teeth.
You are partially covered in iridescent scales (AC +4).
You are partially covered in slimy green scales (AC +2).
You can translocate small distances at will.
Armour fits poorly on your strangely shaped body.
You are dopey. (Int -2)


Message History

* * * LOW HITPOINT WARNING * * *
You feel very sick.
You feel better. The black mamba barely misses you. The black mamba bites you!
* * * LOW HITPOINT WARNING * * *
The black mamba bites you.
* * * LOW HITPOINT WARNING * * *
The wolf spider hits the plant!!
The wolf spider bites the plant but does no damage.
You closely miss the black mamba.
The black mamba is almost dead.
The black mamba bites you.
* * * LOW HITPOINT WARNING * * *
The wolf spider hits the plant!
The wolf spider bites the plant.
The plant is poisoned.
The wolf spider poisons the plant!
Your skin crawls.
You feel resistant to hostile enchantments.
You feel slightly more hungry. The black mamba bites you!
You die...
PPP.P

................PPPP.
##.................PP.
#..................PP.
#..................P. .
#....................
..##....................
#.......................
. #...@................
...#..PSP##P......P##.PP
.....P†sS.#.P...P..#...P
....##.F..##......##....
... ##....#......#....#
.. ##..S##....##...## .
##.F.#....#.†.##
##..##..##..## .
##..#..#.(##


You could see a wolf spider, a guardian serpent, 2 black mambas and 2 spiny
frogs.

Vanquished Creatures
  An orc warlord (D:12)
  The ghost of barakagiga the Bludgeoner, a journeyman MiFi of Trog (Orc:2)
  Snorg (Lair:7)
  A minotaur (Lab)
  A yaktaur captain (D:15)
  4 vault guards
  A rakshasa (D:14)
  An ice dragon (Lair:5)
  A death knight (D:15)
  7 hydras
  2 centaur warriors (D:15)
  Erica (D:11)
  8 death yaks
  A queen ant (Lair:2)
  3 orc high priests (Orc:2)
  The ghost of M4edhros the Bolt Thrower, a novice FoHu of Okawaru (D:8)
  An ogre mage (Orc:1)
  The ghost of deorigin the Cruncher, a novice DsGl of Okawaru (D:9)
  An unseen horror (D:10)
  7 hill giants
  A wizard (D:14)
  9 orc knights
  3 griffons
  Pikel (D:6)
  6 orc sorcerers
  2 cyclopes
  5 deep elf magi
  4 oklob plants (D:14)
  6 elephants (Lair:7)
  2 manticores
  An octopode (shapeshifter) (D:13)
  4 black mambas
  2 efreet (D:14)
  9 spiny frogs
  A kobold demonologist (D:15)
  3 komodo dragons
  3 rime drakes
  A yaktaur (D:15)
  3 trolls
  8 polar bears
  A merfolk (D:11)
  4 two-headed ogres
  A raiju (shapeshifter) (D:15)
  10 blink frogs
  9 slime creatures
  A shadow (D:13)
  Sigmund (D:7)
  2 wraiths (D:14)
  A vampire (D:10)
  3 water elementals (D:13)
  Grum (D:9)
  23 yaks
  5 wyverns (Lair:8)
  A basilisk (Lair:1)
  3 hungry ghosts
  A steam dragon (Lair:6)
  16 hippogriffs
  5 wargs
  3 vampire mosquitoes (D:14)
  6 soldier ants
  9 porcupines
  13 water moccasins
  2 ice beasts
  24 orc warriors
  2 eyes of draining (D:13)
  4 sky beasts
  10 black bears
  A slave (D:6)
  A phantom (D:9)
  3 wasps
  8 ogres
  15 wolves
  6 centaurs
  13 crocodiles
  5 big kobolds
  23 giant frogs
  7 gnoll sergeants (Bailey)
  6 scorpions
  12 killer bees (D:12)
  8 wights
  5 electric eels
  8 howler monkeys
  11 crimson imps
  A giant frog zombie (D:13)
  3 quasits
  5 gnoll shamans (Bailey)
  9 jellies
  4 centaur zombies
  8 hounds
  2 centaur skeletons
  3 giant frog skeletons
  22 orc priests
  26 orc wizards
  5 iguanas
  17 worker ants
  A hell rat (Lair:3)
  7 sheep
  A hound zombie (D:11)
  28 gnolls
  14 adders
  39 river rats
  2 shadow imps (D:5)
  3 white imps (Lair:5)
  2 oozes (Lair:6)
  An adder zombie (D:6)
  13 worms
  2 dart slugs (D:2)
  9 giant geckos
  82 orcs
  A ball python (D:5)
  5 giant cockroaches
  11 goblins
  7 hobgoblins
  18 jackals
  6 quokkas
  7 bats
  10 giant newts
  16 kobolds
  10 rats
  2 plants (D:13)
814 creatures vanquished.

Vanquished Creatures (collateral kills)
  A gnoll sergeant (Bailey)
  A gnoll shaman (Bailey)
2 creatures vanquished.

Vanquished Creatures (others)
  A hound (D:13)
  2 orc priests
  6 fungi
  6 plants
15 creatures vanquished.

Grand Total: 831 creatures vanquished

Notes
Turn   | Place    | Note
--------------------------------------------------------------
     0 | D:1      | manyhoops the Ogre Berserker began the quest for the Orb.
     0 | D:1      | Reached XP level 1. HP: 24/24 MP: 1/1
    39 | D:1      | Reached XP level 2. HP: 6/33 MP: 2/2
   390 | D:1      | Found a shattered altar of Ashenzari.
   886 | D:2      | Reached skill level 5 in Fighting
   886 | D:2      | Reached XP level 3. HP: 42/42 MP: 3/3
   983 | D:2      | Found an opulent altar of Gozag.
   994 | D:2      | Reached ** piety under Trog
  1511 | D:2      | Reached skill level 5 in Maces & Flails
  1511 | D:2      | Reached XP level 4. HP: 21/50 MP: 4/4
  2224 | D:3      | Reached XP level 5. HP: 59/59 MP: 5/5
  2379 | D:3      | Found a glowing golden altar of the Shining One.
  2446 | D:3      | Reached skill level 6 in Maces & Flails
  2601 | D:3      | Found a glowing silver altar of Zin.
  2864 | D:3      | Reached *** piety under Trog
  3052 | D:4      | Found a stormy altar of Qazlal.
  3060 | D:4      | Noticed Sigmund
  3339 | D:4      | Noticed an ogre
  3349 | D:4      | Killed an ogre
  3349 | D:4      | Reached XP level 6. HP: 31/68 MP: 6/6
  3493 | D:4      | Reached skill level 7 in Maces & Flails
  3517 | D:4      | Found a stormy altar of Qazlal.
  3879 | D:4      | Found a sparkling altar of Nemelex Xobeh.
  4115 | D:5      | Entered Level 5 of the Dungeon
  4584 | D:5      | Reached XP level 7. HP: 73/78 MP: 7/7
  4678 | D:5      | Reached skill level 8 in Maces & Flails
  4876 | D:5      | Found a staircase to the Ecumenical Temple.
  5441 | D:6      | Reached skill level 9 in Maces & Flails
  5828 | D:6      | Reached XP level 8. HP: 35/89 MP: 8/8
  6136 | D:6      | Reached skill level 10 in Maces & Flails
  6416 | D:6      | Found Paavanob's Antique Weapon Shoppe.
  6423 | D:6      | Reached **** piety under Trog
  6432 | D:6      | Bought an ichor-stained dagger for 175 gold pieces
  6520 | D:6      | Noticed Pikel
  6547 | D:6      | Killed Pikel
  6547 | D:6      | Reached skill level 11 in Maces & Flails
  6765 | D:6      | Identified the +3 dagger "Weunoe" {venom, *Confuse Str+5 SInv} (You bought it in a shop on level 6 of the Dungeon)
  6846 | D:6      | Reached skill level 12 in Maces & Flails
  6846 | D:6      | Reached XP level 9. HP: 68/101 MP: 9/9
  6850 | D:6      | Gained mutation: You are partially covered in slimy green scales (AC +2). [mutagenic meat]
  6851 | D:6      | Gained mutation: You are dopey. (Int -2) [mutagenic meat]
  6852 | D:6      | Gained mutation: Your muscles are strong. (Str +2) [mutagenic meat]
  6853 | D:6      | Gained mutation: You have very sharp teeth. [mutagenic meat]
  7133 | D:6      | Reached skill level 10 in Fighting
  7577 | D:7      | Reached skill level 13 in Maces & Flails
  7599 | D:7      | Gained mutation: You are partially covered in iridescent scales (AC +4). [mutagenic meat]
  7601 | D:7      | Gained mutation: You have a pair of small horns on your head. [mutagenic meat]
  7602 | D:7      | Lost mutation: Your muscles are strong. (Str +2) [mutagenic meat]
  7623 | D:7      | Found Vuatuoss's Food Emporium.
  7645 | D:7      | Found a snail-covered altar of Cheibriados.
  7759 | D:7      | Killed Sigmund
  7789 | D:7      | Noticed a two-headed ogre
  7865 | D:7      | Killed a two-headed ogre
  7954 | D:7      | Reached skill level 14 in Maces & Flails
  7960 | D:7      | Reached ***** piety under Trog
  8151 | D:8      | Noticed M4edhros's ghost (novice FoHu)
  8197 | D:8      | Killed M4edhros's ghost
  8197 | D:8      | Reached skill level 15 in Maces & Flails
  8197 | D:8      | Reached XP level 10. HP: 114/114 MP: 10/10
  8583 | D:8      | Gained mutation: You are agile. (Dex +2) [mutagenic meat]
  8584 | D:8      | Gained mutation: Armour fits poorly on your strangely shaped body. [mutagenic meat]
  8585 | D:8      | Lost mutation: You are agile. (Dex +2) [mutagenic meat]
  8686 | D:8      | Found an ancient bone altar of Kikubaaqudgha.
  9114 | D:8      | Found Vusub's Food Emporium.
  9190 | D:9      | Found a flagged portal.
  9242 | Bailey   | Entered a bailey
  9400 | Bailey   | Received a gift from Trog
  9910 | Bailey   | Reached skill level 16 in Maces & Flails
 10491 | D:9      | Found a sacrificial altar of Ru.
 10555 | D:9      | Reached XP level 11. HP: 78/123 MP: 8/11
 10563 | D:9      | Noticed Grum
 10574 | D:9      | Killed Grum
 10765 | D:8      | Reached skill level 17 in Maces & Flails
 11401 | D:9      | Noticed deorigin's ghost (novice DsGl)
 11405 | D:9      | Killed deorigin's ghost
 11549 | D:9      | Found a deep blue altar of Sif Muna.
 11581 | D:10     | Entered Level 10 of the Dungeon
 11630 | D:10     | Noticed an unseen horror
 11641 | D:10     | Killed an unseen horror
 11831 | D:10     | Noticed a hill giant
 11839 | D:10     | Killed a hill giant
 11839 | D:10     | Received a gift from Trog
 11839 | D:10     | Reached skill level 18 in Maces & Flails
 12062 | D:10     | Noticed a hill giant
 12079 | D:10     | Killed a hill giant
 12583 | D:11     | Noticed a hill giant
 12600 | D:11     | Killed a hill giant
 12752 | D:11     | Reached skill level 1 in Throwing
 12848 | D:11     | Noticed a hill giant
 12863 | D:11     | Killed a hill giant
 13101 | D:11     | Noticed a hill giant
 13234 | D:11     | Killed a hill giant
 13234 | D:11     | Reached XP level 12. HP: 139/139 MP: 12/12
 13337 | D:11     | Found a staircase to the Lair.
 13340 | D:11     | Noticed Erica
 13358 | D:11     | Killed Erica
 13366 | D:11     | Found a shattered altar of Ashenzari.
 13647 | Lair:1   | Entered Level 1 of the Lair of Beasts
 13707 | Lair:1   | Found a labyrinth entrance.
 13716 | Lab      | Entered a labyrinth
 13883 | Lab      | Noticed a minotaur
 13890 | Lab      | Killed a minotaur
 13890 | Lab      | Reached skill level 19 in Maces & Flails
 13893 | Lab      | Got a warped battleaxe {chop}
 14175 | Lair:1   | Noticed a five-headed hydra
 14182 | Lair:1   | Killed a five-headed hydra
 14182 | Lair:1   | Reached skill level 15 in Fighting
 14622 | Lair:1   | Received a gift from Trog
 15758 | D:12     | Found Fowiseip's Assorted Antiques.
 15776 | D:12     | Bought a scroll of identify for 54 gold pieces
 15776 | D:12     | Bought a golden ring for 135 gold pieces
 16261 | D:12     | Found a staircase to the Orcish Mines.
 16446 | D:12     | Received a gift from Trog
 16906 | D:12     | Reached skill level 20 in Maces & Flails
 16906 | D:12     | Reached XP level 13. HP: 152/152 MP: 13/13
 16936 | D:12     | Gained mutation: You can translocate small distances at will. [mutagenic meat]
 16937 | D:12     | Gained mutation: You occasionally shout uncontrollably at your foes. [mutagenic meat]
 16942 | D:12     | Lost mutation: You have a pair of small horns on your head. [mutagenic meat]
 16943 | D:12     | Lost mutation: You occasionally shout uncontrollably at your foes. [mutagenic meat]
 17658 | Orc:1    | Entered Level 1 of the Orcish Mines
 17685 | Orc:1    | Noticed an orc warlord
 18561 | D:13     | Received a gift from Trog
 19762 | D:12     | Reached skill level 5 in Throwing
 19768 | D:12     | Killed an orc warlord
 20252 | Orc:2    | Entered Level 2 of the Orcish Mines
 20252 | Orc:2    | Noticed barakagiga's ghost (journeyman MiFi)
 20263 | Orc:1    | Received a gift from Trog
 20513 | Orc:1    | HP: 10/231 [warg (9)]
 21239 | Orc:1    | Reached skill level 21 in Maces & Flails
 21296 | Orc:2    | Killed barakagiga's ghost
 21681 | Orc:2    | Found a staircase to the Elven Halls.
 21695 | Orc:2    | Found a roughly hewn altar of Beogh.
 22637 | Orc:2    | Received a gift from Trog
 22637 | Orc:2    | Reached XP level 14. HP: 144/166 MP: 4/14
 23090 | Orc:2    | Found Vesien's Assorted Antiques.
 23098 | Orc:2    | Bought a scroll labeled JOGGAS ZICIFUEN for 21 gold pieces
 23098 | Orc:2    | Bought a scroll of magic mapping for 73 gold pieces
 23174 | Orc:2    | Reached skill level 22 in Maces & Flails
 23221 | Orc:2    | Found Ruzxuff's Jewellery Shop.
 23221 | Orc:2    | Found Wotzuemu's Book Shoppe.
 23225 | Orc:2    | Found Keng's Antique Weapon Shop.
 23225 | Orc:2    | Found Duup's Antique Weapon Shoppe.
 23245 | Orc:2    | Bought an ichor-stained blowgun for 232 gold pieces
 23248 | Orc:2    | Bought the ring of Ron Escho {-Tele rPois rF++ MR+ Str+4} for 847 gold pieces
 23248 | Orc:2    | Identified the +11 blowgun "Kaohoqoi" {speed, *Confuse Int+2 Dex+8} (You bought it in a shop on level 2 of the Orcish Mines)
 23543 | Orc:1    | Reached ****** piety under Trog
 24216 | D:14     | HP: 6/166 [acid (13)]
 25039 | D:14     | Found a gate to the Vaults.
 25422 | D:14     | Received a gift from Trog
 25675 | D:15     | Entered Level 15 of the Dungeon
 25761 | D:15     | Got a faintly glowing robe
 25773 | D:15     | Identified the cursed +0 robe of Contentment {Regen+ Int+9 Slay-5} (You found it on level 15 of the Dungeon)
 25803 | D:15     | Reached skill level 23 in Maces & Flails
 26416 | D:15     | Found a staircase to the Depths.
 27447 | Lair:2   | Found a snail-covered altar of Cheibriados.
 28086 | Lair:3   | Found a staircase to the Swamp.
 28204 | Lair:3   | Reached XP level 15. HP: 176/176 MP: 5/15
 28311 | Lair:3   | Received a gift from Trog
 29415 | Lair:4   | Found a hole to the Spider Nest.
 29579 | Lair:5   | Reached skill level 24 in Maces & Flails
 29921 | Lair:5   | Received a gift from Trog
 30795 | Lair:6   | Found a staircase to the Slime Pits.
 31277 | Lair:7   | Noticed Snorg
 31291 | Lair:7   | Killed Snorg
 31703 | Lair:7   | Received a gift from Trog
 31912 | Lair:8   | Entered Level 8 of the Lair of Beasts
 32024 | Lair:8   | Reached skill level 25 in Maces & Flails
 32060 | Lair:8   | HP: 6/178 [black mamba (4)]
 32061 | Lair:8   | Slain by a black mamba

Skill      XL: |  1  2  3  4  5  6  7  8  9 10 11 12 13 14 15 |
---------------+----------------------------------------------+-----
Fighting       | 5 6 7 8 9 11 12 14 15 17 18 | 18.7
Maces & Flails | 5 6 7 9 12 15 16 18 20 21 23 25 | 25.0
Throwing       | 1 4 6 7 8 |  8.1
Dodging        | |  2.6
Evocations     | |  0.2

Action                   |  1- 3 |  4- 6 |  7- 9 | 10-12 | 13-15 || total
-------------------------+-------+-------+-------+-------+-------++-------
Melee: Mace              |   112 |   204 |       |       |       ||   316
       Morningstar       |       |    22 |    52 |       |       ||    74
       Flail             |       |       |   294 |   475 |       ||   769
       Headbutt          |       |       |    14 |   179 |       ||   193
       Bite              |       |       |    10 |    95 |   110 ||   215
       Giant spiked club |       |       |       |   267 |   967 ||  1234
       Dagger            |       |       |       |    23 |       ||    23
       Great mace        |       |       |       |    22 |       ||    22
Throw: Large rock        |       |       |     1 |     9 |    19 ||    29
       Javelin           |       |       |       |     4 |     5 ||     9
Invok: Berserk           |     1 |     2 |     6 |     7 |     9 ||    25
       Trog's Hand       |       |       |     1 |     1 |     1 ||     3
       Brothers in Arms  |       |       |       |     1 |       ||     1
       Burn Spellbooks   |       |       |       |     1 |     6 ||     7
Evoke: Wand              |       |       |       |     2 |       ||     2
  Use: Scroll            |       |     5 |     3 |    16 |    24 ||    48
       Potion            |       |       |     1 |       |     2 ||     3
 Stab: Sleeping          |     1 |       |       |       |     1 ||     2
       Distracted        |       |       |       |       |     1 ||     1
  Eat: Chunk             |     2 |    10 |    24 |    35 |    24 ||    95
       Bread ration      |       |     1 |       |     4 |     1 ||     6
       Royal jelly       |       |       |     2 |       |       ||     2
       Fruit             |       |       |       |     1 |    13 ||    14
       Meat ration       |       |       |       |       |     5 ||     5
       Beef jerky        |       |       |       |       |     1 ||     1
Armor: Animal skin       |    57 |    32 |   148 |   273 |    51 ||   561
       Robe              |       |       |       |       |   208 ||   208
Dodge: Dodged            |    71 |    41 |    67 |   286 |   439 ||   904
Block: Large shield      |       |   143 |   307 |   365 |       ||   815
